 Dungeon Crawl Stone Soup version 0.28-a0-268-g3f656e82c2 (webtiles) character file.

Game seed: 11755662175652822102

324 bande the Covered (level 6, 0/38 HPs)
             Began as a Gargoyle Fighter on Aug 29, 2021.
             Slain by an orc (5 damage)
             ... on level 4 of the Dungeon.
             The game lasted 00:07:24 (4490 turns).

bande the Covered (Gargoyle Fighter)                Turns: 4490, Time: 00:07:24

Health: 0/38       AC: 14    Str: 18 (20) XL:     6   Next: 48%
Magic:  6/6        EV:  5    Int:  7 (9)  God:
Gold:   193        SH:  0    Dex:  9 (10) Spells: 5/5 levels left

rFire   . . .      SeeInvis .   a - +1 war axe
rCold   . . .      Faith    .   c - +0 kite shield
rNeg    + . .      Spirit   .   j - +0 chain mail
rPois   ∞          Reflect  .   (no helmet)
rElec   +          Harm     .   (no cloak)
rCorr   .          Rampage  .   (no gloves)
Will    .....                   (no boots)
Stlth   ..........              (no amulet)
HPRegen 0.12/turn               (no ring)
MPRegen 0.10/turn               (no ring)

@: confused, mighty
A: sickness immunity, AC +4, negative energy resistance 1, electricity
resistance, torment resistance 1, petrification resistance
a: no special abilities


You were on level 4 of the Dungeon.
You visited 1 branch of the dungeon, and saw 4 of its levels.

You collected 193 gold pieces.

Inventory:

Hand Weapons
 a - a +1 war axe (weapon)
 h - a +0 flail
Armour
 c - a +0 kite shield (worn)
 j - a +0 chain mail (worn)
Jewellery
 b - a ring of willpower
 k - a ring of flight
 m - an amulet of magic regeneration
Scrolls
 g - a scroll of enchant weapon
Potions
 e - 4 potions of brilliance
 f - 3 potions of flight


   Skills:
 + Level 4.1 Fighting
 + Level 4.1 Axes
 + Level 4.8 Armour
 + Level 0.8 Dodging
 + Level 4.2 Shields


You had 5 spell levels left.
You didn't know any spells.
Your spell library was empty.

Dungeon Overview and Level Annotations

Branches:
Dungeon (4/15)
 Temple: D:4-7

Altars:

Shops:
D:1 ?


Innate Abilities, Weirdness & Mutations

You are immune to sickness and miasma.
Your stone body is resilient. (AC +4)
You are immune to poison.
You resist negative energy. (rN+)
You are resistant to electric shocks. (rElec)
You are resistant to unholy torment.
You are immune to petrification.


Message History

The orc wizard gestures at you while chanting.
You are more confused.
The orc hits you with a +0 mace.
You bump into the rock wall.
The orc wizard hits you but does no damage.
The orc hits you with a +0 mace.
* * * LOW HITPOINT WARNING * * *
Unknown command.
You bump into the rock wall.
The orc wizard hits you but does no damage.
The orc hits you with a +0 mace.
* * * LOW HITPOINT WARNING * * *
You closely miss the orc. You closely miss the orc wizard.
The orc wizard hits you with a +0 dagger.
* * * LOW HITPOINT WARNING * * *
The orc hits you but does no damage.
The orc wizard hits you but does no damage.
You hit the orc.
The orc is almost dead.
You closely miss the orc wizard. The orc hits you but does no damage.
The orc wizard hits you but does no damage.
The orc hits you but does no damage.
Unknown command.
You feel very mighty all of a sudden.
The orc wizard points at you and mumbles some strange words.
The magic dart hits you but does no damage.
The orc hits you but does no damage.
You bump into the rock wall.
The orc wizard gestures at you while chanting.
You are more confused.
The orc hits you but does no damage.
Unknown command.
You bump into the rock wall.
The orc wizard hits you but does no damage.
The orc hits you but does no damage.
Unknown command.
You bump into the rock wall.
The orc wizard hits you but does no damage.
The orc hits you with a +0 mace.
You die...

####. ### ..........
.....# #.. .........
..#..##.. .........
#.....). .........
#######...... ........##
...#.##....... .........
#............. #...)o##
#............. #o@#
#.............
##.###............. ###.
#...............##
....##................#
#...#..........(....## #
###..<....#...#.......#.
.#.......###..##.........
..
........####.............
...
#......#.............##


You could see an orc wizard and an orc.

Vanquished Creatures
  2 orc priests
  Jessica (D:2)
  7 gnolls
  5 adders
  An ufetubus (D:4)
  2 adder skeletons
  2 worms
  5 dart slugs
  7 orcs
  8 ball pythons
  9 endoplasms
  2 giant cockroaches
  7 goblins
  8 hobgoblins
  4 jackals
  9 kobolds
  4 quokkas
  5 bats
  3 frilled lizards
  7 rats
98 creatures vanquished.

Vanquished Creatures (others)
  An orc (D:4)
  18 plants
19 creatures vanquished.

Grand Total: 117 creatures vanquished

Notes
Turn   | Place    | Note
-------+----------+-------------------------------------------
     0 | D:1      | bande the Gargoyle Fighter began the quest for the Orb.
     0 | D:1      | Reached XP level 1. HP: 14/14 MP: 1/1
   171 | D:1      | Reached XP level 2. HP: 19/19 MP: 2/2
   214 | D:1      | Found Numoigh's Magic Scroll Shoppe.
   698 | D:1      | Reached XP level 3. HP: 16/24 MP: 3/3
  1554 | D:2      | Noticed Jessica
  1560 | D:2      | Killed Jessica
  1561 | D:2      | Reached XP level 4. HP: 24/29 MP: 4/4
  2323 | D:2      | Reached XP level 5. HP: 25/33 MP: 5/5
  3239 | D:3      | Found a faded altar of an unknown god.
  3257 | D:3      | Found a faded altar of an unknown god.
  3360 | D:3      | Reached XP level 6. HP: 4/38 MP: 6/6
  4490 | D:4      | Slain by an orc

Illustrated notes

Levels and vault maps discovered:
D:1:      saegor_arrival_simple_e, layout_basic, serial_bayou,
          serial_bayou_pond_d, serial_bayou_lake_a, serial_bayou_lagoon_a,
          serial_bayou_shore_a, serial_shops, shop
D:2:      minmay_spotlight, layout_basic, minmay_bisected, uniq_jessica
D:3:      cheibrodos_old_hovel, layout_basic,
          hellmonk_ecumenical_altar_the_god_not_taken, minmay_surrounded
D:4:      layout_cave_pools

Skill      XL: |  1  2  3  4  5  6 |
---------------+-------------------+-----
Axes           | 2 3 4 |  4.1
Armour         | 4 |  4.8
Shields        | 4 |  4.2
Fighting       | 4 |  4.1
Dodging        | |  0.8

Action                   |  1- 3 |  4- 6 || total
-------------------------+-------+-------++-------
Melee: War axe           |    78 |   239 ||   317
  Use: Scroll            |     2 |     4 ||     6
       Potion            |     1 |     4 ||     5
Armor: Scale mail        |    27 |   113 ||   140
       Chain mail        |       |    74 ||    74
Dodge: Dodged            |    30 |    84 ||   114
Block: Kite shield       |    40 |   121 ||   161

Table legend: (Time is in decaauts)
 A = Elapsed time spent in this place.
 B = Non-inter-level travel time spent in this place.
 C = Inter-level travel time spent in this place.
 D = Time resting spent in this place.
 E = Time spent auto-exploring this place.
 F = Levels seen in this place.
 G = Mean time per level.
                   A        B        C        D        E       F      G
               +--------+--------+--------+--------+--------+-----+--------+
         Total |   4723 |   4712 |     11 |    887 |   2813 |   4 | 1180.8 |
       Dungeon |   4723 |   4712 |     11 |    887 |   2813 |   4 | 1180.8 |
               +--------+--------+--------+--------+--------+-----+--------+

Top non-repeatable levels by time:
     D:2: 1682 daAuts
     D:3: 1417 daAuts
     D:1: 1238 daAuts
     D:4: 385 daAuts
